 Dungeon Crawl Stone Soup version 0.27.1-33-g824d729ab1 (webtiles) character file.

Game seed: 5581538555636835078

78 Atelerd the Sneak (level 4, -1/40 HPs)
             Began as an Octopode Earth Elementalist on Dec 20, 2021.
             Succumbed to a water moccasin's poison
             ... on level 4 of the Dungeon.
             The game lasted 00:05:49 (3156 turns).

Atelerd the Sneak (Octopode Earth Elementalist)     Turns: 3156, Time: 00:05:50

Health: -1/40      AC: 22    Str:  7    XL:     4   Next: 36%
Magic:  5/7        EV:  2    Int: 18    God:
Gold:   105        SH:  0    Dex: 12    Spells: 3/8 levels left

rFire    + . .     SeeInvis .   c - +0 dagger
rCold    + . .     Faith    .   (no shield)
rNeg     + + +     Spirit   .   (helmet currently unavailable)
rPois    +         Reflect  .   (no amulet)
rElec    +         Harm     .   l - ring of positive energy
rCorr    +         Rampage  .   (no ring)
Will     .....     NoTele   +   (no ring)
Stlth    ++........             (no ring)
HPRegen  0.13/turn              (no ring)
MPRegen  0.10/turn              (no ring)
                                (no ring)
                                (no ring)

@: lethally poisoned (-1 -> -8), tree-form, resistant, hasted, very quick
A: stationary, stasis, torment immunity, boosted hp, almost no armour,
(amphibious), 8 rings, (camouflage 1), (gelatinous body 1), (nimble swimmer 1),
(tentacles)
a: no special abilities


You were on level 4 of the Dungeon.
You were a tree.
You visited 1 branch of the dungeon, and saw 4 of its levels.

You collected 105 gold pieces.

Inventory:

Hand Weapons
 c - a +0 dagger (weapon)
Missiles
 b - 53 stones
Jewellery
 a - an amulet of faith
 l - a ring of positive energy (left branch)
 p - a ring of flight
Scrolls
 e - 2 scrolls of magic mapping {unknown}
 f - a scroll of fear {unknown}
 g - 3 scrolls of identify {unknown}
 k - a scroll of amnesia {unknown}
Potions
 d - a potion of brilliance {unknown}
 i - a potion of might {unknown}
 j - a potion of lignification
 n - a potion of attraction {unknown}
 o - a potion of curing {unknown}


   Skills:
 - Level 2.6 Dodging
 + Level 3.7 Stealth
 + Level 2.5 Spellcasting
 + Level 2.0 Transmutations
 + Level 3.4 Earth Magic


You had 3 spell levels left.
You knew the following spells:

 Your Spells              Type           Power      Damage    Failure   Level
a - Sandblast             Erth           28%        2d8       4%          1
b - Petrify               Tmut/Erth      12%        N/A       50%         4

Your spell library contained the following spells:

 Spells                   Type           Power      Damage    Failure   Level
 Passwall                 Tmut/Erth      10%        N/A       9%          2
 Shock                    Conj/Air       8%         1d3       17%         1
 Corpse Rot               Necr/Air       N/A        N/A       26%         2
 Poisonous Vapours        Pois/Air       4%         N/A       26%         2
 Stone Arrow              Conj/Erth      16%        3d8       26%         3
 Portal Projectile        Hex/Tloc       4%         N/A       45%         3
 Swiftness                Air            2%         N/A       45%         3
 Airstrike                Air            1%         N/A       86%         4
 Blade Hands              Tmut           4%         N/A       91%         5
 Excruciating Wounds      Necr           1%         N/A       99%         5
 Freezing Cloud           Conj/Ice/Air   1%         6-21      99%         5


Dungeon Overview and Level Annotations

Branches:
Dungeon (4/15)             Temple (0/1) D:4

Altars:

Shops:
D:2 =


Innate Abilities, Weirdness & Mutations

You are a tree.
Your roots penetrate the ground, keeping you stationary.
You cannot be teleported.
You are immune to unholy pain and torment.
Your maximum health is greatly increased.
You cannot wear most types of armour.
((You are amphibious.))
You can wear up to eight rings at the same time.
((Your skin changes colour to match your surroundings (Stealth+).))
((Your rubbery body absorbs attacks. (AC +1, EV +1)))
((You are camouflaged near water. (Stealth+)))
((You have tentacles for arms and can constrict up to eight enemies at once.))


Message History

There are monsters nearby!
There are monsters nearby!
The blast of sand misses the water moccasin.
The water moccasin bites you. The water moccasin bites you!
You are lethally poisoned!
The water moccasin poisons you!
You closely miss the water moccasin. Your grab misses the water moccasin.
You feel very sick. The water moccasin closely misses you.
You are too injured to fight recklessly!
You are too injured to fight recklessly!
Unknown command.
Casting: Sandblast (safe; 4% risk of failure)
Confirm with . or Enter, or press ? or * to list all spells.
Aiming: Sandblast (safe; 4% risk of failure)
Press: ? - help, Shift-Dir - straight line, f/p - water moccasin
Aim: a water moccasin (66% to hit)
The blast of sand misses the water moccasin.
The blast of sand hits the scorpion.
The scorpion is moderately wounded.
* * * LOW HITPOINT WARNING * * *
You feel very sick. The water moccasin closely misses you.
The water moccasin completely misses you.
Unknown command.
It was a potion of lignification.
You turn into a tree.
Your roots penetrate the ground.
* * * LOW HITPOINT WARNING * * *
You feel sick.
The scorpion stings you but does no damage.
The water moccasin bites you but does no damage.
The scorpion stings you but does no damage.
It was a potion of resistance.
You feel protected.
* * * LOW HITPOINT WARNING * * *
You feel sick. The water moccasin barely misses you. The scorpion stings you.
* * * LOW HITPOINT WARNING * * *
Unknown command.
It was a potion of haste.
You feel yourself speed up.
You die...

.##.##................
.... #.......##...#...
....######..#..<......
##. ......###...........
..>##.........#........
###.#..........##.#.....
...............#..###...
.#..s....#.....## ....
..#..S♣....#....# ...#
##...............###.###
...##<#....###....##^...
.....###...# #....#888#.
#....###.## #...[8...8.
##..##....###..##8.>...
#...............8...8#
.##
#..#........#..#888##
....
##.###..............#


You could see a water moccasin and a scorpion.

Vanquished Creatures
  A white imp (D:4)
  3 worms
  A dart slug (D:2)
  5 orcs
  6 endoplasms
  2 giant cockroaches
  4 hobgoblins
  A jackal (D:3)
  4 kobolds
  A quokka (D:3)
  4 ball pythons
  5 bats
  2 frilled lizards
  7 goblins
  2 rats (D:1)
48 creatures vanquished.

Notes
Turn   | Place    | Note
-------+----------+-------------------------------------------
     0 | D:1      | Atelerd the Octopode Earth Elementalist began the quest for
                  | the Orb.
     0 | D:1      | Reached XP level 1. HP: 11/11 MP: 3/3
   343 | D:1      | Reached XP level 2. HP: 17/17 MP: 3/5
   989 | D:1      | Reached XP level 3. HP: 8/21 MP: 1/6
  1645 | D:2      | Found Adeqourgh's Jewellery Shoppe.
  2681 | D:3      | Reached XP level 4. HP: 25/27 MP: 4/7
  3058 | D:4      | Found a staircase to the Ecumenical Temple.
  3106 | D:4      | Noticed a scorpion
  3108 | D:4      | Noticed a water moccasin
  3124 | D:4      | Learned a level 4 spell: Petrify
  3155 | D:4      | HP: 1/40 [scorpion (5)]
  3156 | D:4      | Succumbed to a water moccasin's poison

Illustrated notes

Levels and vault maps discovered:
D:1:      sevenhm_arrival_forest_fort_large_2, layout_loops_ring
D:2:      layout_rooms, serial_shops, shop
D:3:      layout_basic, elyvilon_altar_5,
          hellmonk_ecumenical_altar_watching_god, ebering_ghost_rock_garden,
          st_stairs_8, minmay_misc_feat_tiny, uniq_jessica
D:4:      layout_cave_pools, nicolae_ru_sacrificial_ziggurat,
          minmay_temple_entry_statues, serial_bayou_crossing, uniq_pikel,
          uniq_menkaure

Skill      XL: |  1  2  3  4 |
---------------+-------------+-----
Stealth        | 3 |  3.7
Transmutations | 2 |  2.0
Dodging        | |  2.6
Spellcasting   | |  2.5
Earth Magic    | |  3.4

Action                   |  1- 3 |  4- 6 || total
-------------------------+-------+-------++-------
Melee: Unarmed           |     3 |       ||     3
       Constrict         |    11 |     2 ||    13
       Tentacles         |    10 |       ||    10
       Dagger            |    51 |     5 ||    56
 Cast: Sandblast         |    32 |    21 ||    53
  Use: Potion            |       |     3 ||     3
 Stab: Sleeping          |    11 |     1 ||    12
       Distracted        |       |     1 ||     1
Armor: Skin              |     7 |     5 ||    12
Dodge: Dodged            |    34 |    16 ||    50
